 Dungeon Crawl Stone Soup version 0.19-a0-1468-ge013c26 (console) character file.

384402 vible the Crack Shot (level 21, -33/196 HPs)
             Began as a Centaur Hunter on Sept 4, 2016.
             Was the Champion of Okawaru.
             Killed from afar by a titan (50 damage)
             ... with a bolt of lightning
             ... on level 2 of the Depths on Sept 7, 2016.
             The game lasted 05:13:13 (58707 turns).

vible the Crack Shot (Centaur Hunter)              Turns: 58707, Time: 05:13:18

Health: -33/196    AC: 48    Str: 15    XL:     21   Next: 97%
Magic:  26/28      EV: 17    Int: 13    God:    Okawaru [******]
Gold:   1478       SH:  5    Dex: 17    Spells: 7 memorised, 1 level left

rFire  + + +     SeeInvis .     a - +4 lajatang (elec)
rCold  + . .     Gourm    .     g - +6 chain mail of the Spheres {rF+++ rN+++ Str-3}
rNeg   + + +     Faith    .     (shield currently unavailable)
rPois  .         Spirit   .     y - +2 helmet {Int+3}
rElec  .         Dismiss  .     O - +2 cloak {+Inv}
rCorr  .         Reflect  +     U - +2 pair of gloves
MR     ++...     Harm     .     Y - +4 centaur barding {rC+}
Stlth  ..........               J - +5 amulet of reflection
                                o - +4 ring of protection
                                E - +4 ring of evasion

@: heroism, very quick
A: hooves 3, iridescent scales 1, deformed body, speed 2, magic resistance 1,
mutation resistance 1, tough skin 3, sturdy frame 1
a: Heroism, Finesse, Renounce Religion, Evoke Invisibility
}: 2/15 runes: serpentine, barnacled


You were on level 2 of the Depths.
You worshipped Okawaru.
Okawaru was exalted by your worship.
You were not hungry.

You visited 8 branches of the dungeon, and saw 38 of its levels.
You visited 1 bazaar.
You also visited: Bailey and Ice Cave.

You collected 4486 gold pieces.
You spent 3008 gold pieces at shops.


Innate Abilities, Weirdness & Mutations

You have hooves in place of feet.
Armour fits poorly on your strangely shaped body.
You cover ground very quickly.
You have extremely tough skin. (AC +3)
You are partially covered in iridescent scales. (AC +2)
You are resistant to hostile enchantments. (MR+)
You are somewhat resistant to further mutation.
Your movements are slightly less encumbered by armour. (ER -2)


   Skills:
 * Level 18.8(23.8) Fighting
 - Level 13.0(18.0) Staves
 - Level 22.1(27) Bows
 + Level 13.5(18.5) Armour
 + Level 13.4(18.4) Dodging
 - Level 0.5(5.5) Stealth
 - Level 2.9 Translocations
 - Level 8.5 Invocations
 + Level 10.0 Evocations


You had one spell level left.
You knew the following spells:

 Your Spells              Type           Power        Failure   Level  Hunger
a - Apportation           Tloc           #.........   45%         1    ##.....
d - Animate Dead          Necr           N/A          100%        4    #####..
e - Regeneration          Chrm/Necr      #.........   100%        3    ####...
o - Portal Projectile     Tloc           #.....       96%         3    ####...
r - Repel Missiles        Chrm/Air       #.....       99%         2    ###....
u - Passage of Golubria   Tloc           N/A          100%        4    #####..
I - Blink                 Tloc           N/A          71%         2    ###....

Inventory:

Hand Weapons
 a - a +4 lajatang of electrocution (weapon)
 b - the +7 longbow "Xocvihed" {speed, +Inv rC++ MR+ Int-5}
   (You bought it in a shop on level 2 of the Orcish Mines)

   Attacks with this weapon are significantly faster.
   It affects your intelligence (-5).
   It greatly protects you from cold.
   It affects your resistance to hostile enchantments.
   It lets you turn invisible.
Missiles
 d - 715 arrows
Armour
 g - the +6 chain mail of the Spheres (worn) {rF+++ rN+++ Str-3}
   (You found it on level 15 of the Dungeon)

   It affects your strength (-3).
   It renders you almost immune to fire.
   It renders you almost immune to negative energy.
 y - a +2 helmet of intelligence (worn)
 O - a +2 cloak of invisibility (worn)
 U - a +2 pair of gloves (worn)
 Y - a +4 centaur barding of cold resistance (worn)
Jewellery
 m - an uncursed ring of protection from magic
 o - a +4 ring of protection (right hand)
 v - an uncursed ring of see invisible
 E - a +4 ring of evasion (left hand)
 G - the amulet "Bickuopt" {RegenMP rElec}
   (You took it off a merfolk on level 4 of the Shoals)

   [amulet of magic regeneration]

   It increases your magic regeneration.
   It insulates you from electricity.
 J - a +5 amulet of reflection (around neck)
Wands
 f - a wand of acid (8/15)
 s - a wand of disintegration (5/24)
 Q - a wand of digging (17/24)
 W - a wand of iceblast (6/15)
Scrolls
 e - 20 scrolls of remove curse {@r2}
 h - 4 scrolls of fog
 j - a scroll of holy word
 l - 2 scrolls of identify {@r1}
 q - 10 scrolls of teleportation {@r4}
 r - 2 scrolls of enchant armour
 A - 3 scrolls of blinking
 D - 2 scrolls of silence
 F - 6 scrolls of fear
 P - 2 scrolls of magic mapping
 T - 2 scrolls of recharging
Potions
 c - 7 potions of curing {@q1}
 i - 9 potions of heal wounds {@q2}
 p - 2 potions of cure mutation
 u - 4 potions of flight
 x - 2 potions of berserk rage {!q}
 z - 5 potions of might
 C - 2 potions of mutation {!q}
 I - 2 potions of agility
 R - 5 potions of cancellation
 V - 6 potions of haste {@q3}
 X - a potion of resistance
 Z - 4 potions of lignification {!q}
Miscellaneous
 n - a phantom mirror
 K - a lamp of fire
 M - a box of beasts
Comestibles
 k - 20 meat rations {@e1}
 t - 26 fruits {@e2}
 w - 6 chunks of flesh
 B - 12 bread rations {@e1}
 S - 5 beef jerkies {@e2}

░░░░. ░░.░.░ ░░...░░
░░.░.░░░ ░░.░░░░░.
░...░ ░.. ░░
░░░░)░░░░░.
░░(░.░░░.░░░.░.░.░
░░@(.░░░...░░░..)░░
░░░)░C░░░.░.░.░░░.░.░
░.[░░░░░.░░░░░.░░░░░.
░...░ ░...░ ░...░ ░..
░).░░░░░.░░░░░)░░░░░.
░░░.░.░.░░░.░.░░░.░.░
###
░░...░░░)..░░░...░░
###.#
░░.░░░.░.░░░)░.░░
##...#
░░░░.░░░░░[░░░░


You could see a titan.


Message History

You slash the titan!
The titan is lightly wounded.
The titan waves its arms in wide circles.
The air twists around and strikes you!
You hit the titan. You kick the titan.
The titan is lightly wounded.
You hit the titan. You kick the titan, but do no damage.
The titan is lightly wounded.
The titan closely misses you.
You hit the titan but do no damage. You kick the titan, but do no damage.
The titan is lightly wounded.
The titan hits you but does no damage.
You hit the titan. You kick the titan, but do no damage.
The titan is lightly wounded.
The titan hits you.
Use which ability? (? or * to list)
You gain the combat prowess of a mighty hero.
You block the titan's attack.
You hit the titan but do no damage. You kick the titan, but do no damage.
The titan is lightly wounded.
You slash the titan!
The titan is moderately wounded.
The titan completely misses you.
You hit the titan.
The titan is moderately wounded.
The titan gestures at you while chanting.
The bolt of lightning hits you!
* * * LOW HITPOINT WARNING * * *
The bolt of lightning hits you!
You die...

Action                   |  1- 3 |  4- 6 |  7- 9 | 10-12 | 13-15 | 16-18 | 19-21 || total
-------------------------+-------+-------+-------+-------+-------+-------+-------++-------
Melee: Short sword       |    58 |    48 |       |       |       |       |       ||   106
       Kick              |     7 |    30 |    77 |   183 |   331 |       |    55 ||   683
       Dagger            |       |    95 |   176 |       |       |       |       ||   271
       Falchion          |       |       |    88 |       |       |       |       ||    88
       Lajatang          |       |       |    52 |   554 |   982 |       |   127 ||  1715
       Longbow           |       |       |       |       |     1 |       |     2 ||     3
 Fire: Shortbow          |    53 |    83 |   321 |   678 |   289 |       |       ||  1424
       Longbow           |       |       |       |       |   806 |  2222 |  2532 ||  5560
Invok: Heroism           |       |       |     8 |    54 |    55 |    57 |    23 ||   197
       Finesse           |       |       |       |       |     3 |     9 |     5 ||    17
 Abil: Evoke Invisibilit |       |       |       |       |       |     2 |       ||     2
Evoke: Wand              |       |       |       |       |       |     5 |       ||     5
  Use: Scroll            |       |     5 |     6 |    17 |    12 |    20 |    12 ||    72
       Potion            |       |     1 |       |     4 |     6 |     8 |       ||    19
 Stab: Invisible         |       |       |       |     3 |       |       |       ||     3
       Sleeping          |       |       |       |       |     3 |       |       ||     3
  Eat: Chunk             |     1 |     6 |    14 |    16 |    33 |     1 |     3 ||    74
       Royal jelly       |       |       |     1 |     2 |    12 |     5 |       ||    20
       Beef jerky        |       |       |     1 |       |       |       |     1 ||     2
       Pizza             |       |       |       |     1 |       |     6 |       ||     7
       Fruit             |       |       |       |       |     3 |       |       ||     3
       Bread ration      |       |       |       |       |       |     2 |     7 ||     9
Armor: Leather armour    |     1 |       |       |   264 |    85 |       |       ||   350
       Chain mail        |    64 |    63 |   202 |    55 |   488 |   393 |   551 ||  1816
       Skin              |       |       |       |    10 |       |       |       ||    10
Dodge: Dodged            |    25 |    52 |   180 |   654 |   605 |   265 |   334 ||  2115
Block: Other             |       |       |       |       |    36 |   122 |   138 ||   296
       Reflection        |       |       |       |       |     9 |    33 |    14 ||    56

Vault maps used:
D:1:      eino_arrival_water_star
D:2:      lemuel_doored_altar, lemuel_coloured_pillars_altar,
          nicolae_tso_carved_into_rock
D:3:      uniq_iyjb
D:4:      kennysheep_little_box, nicolae_dithmenos_the_darkroom,
          serial_park_tiny_2
D:5:      lemuel_blue_sif_altar, first_bread, uniq_eustachio, uniq_edmund,
          uniq_duvessa
D:6:      nicolae_qazlal_eye_of_the_storm, uniq_sigmund
D:7:      basic_altar
D:8:      minmay_cornered_nines, uniq_joseph, uniq_prince_ribbit1
D:9:      lemuel_round_altar, minmay_lair_entry_lava, serial_shops, shop
D:10:     serial_shops, nicolae_shop_crystal, special_room, enter_bailey_2
D:11:     hiddenorc1_lemuel
D:12:     david_nohive_1
D:13:     david_vaults_1, uniq_nessos
D:14:     serial_park_gazebo
D:15:     gammafunk_enter_depths_forms, serial_park_paths, uniq_agnes,
          uniq_josephine
Temple:   jpeg_temple_clearing
Lair:2:   shoals_dummy_entry, uniq_fannar, uniq_gastronok, uniq_sonja
Lair:3:   cheibrodos_lair_reptile_den, bh_autumn_forest_stairs
Lair:4:   minmay_snake_entry_guardpost_small, basic_altar, pf_torpor_hydra,
          grunt_megastairs_1
Lair:5:   slime_altar_1, bobbens_ice_dragon_lair, grunt_megastairs_4
Lair:6:   due_jungle_book, serial_bayou_pond_e, infiniplex_staircase_pool,
          grunt_megastairs_5
Shoals:1: serial_shops, statue_bzr, shop_fountains, nicolae_shop_stone,
          argonaut_gorgonesque
Shoals:3: nicolae_shoals_cliffside_cave, uniq_mara
Shoals:4: shoals_end_hangedman, shoal_ilsuiw, uniq_polyphemus, uniq_nikola
Snake:1:  basic_altar, serial_shops, nicolae_shop_behind_doors, uniq_roxanne
Snake:2:  basic_altar
Snake:3:  portal_ice_cave_entry_horrid_things
Snake:4:  snake_pit, uniq_aizul
Orc:1:    basic_altar, uniq_maurice, uniq_erica
Orc:2:    st_orc_ogre_mass
Vaults:1: v_misc_22, st_diamondy, v_rooms_6, nicolae_vaults_circle_grid_a,
          vaults_room_corners, v_pattern_3, vaults_room_semicircle, v_misc_5,
          ontoclasm_vaults_gateway, serial_shops, nicolae_shop_stone
Vaults:2: vaults_dpeg_doors, ontoclasm_vaults_ring_square,
          vaults_room_semicircle, ontoclasm_vaults_eye, grunt_vaults_swirl,
          v_alt_pattern_2, v_misc_30, nicolae_vaults_little_squares_2,
          vaults_room_door_hall, vaults_dpeg_ring,
          nicolae_vaults_little_squares_3, v_misc_24, nicolae_vaults_rhombus_5,
          enter_trove_5
Vaults:3: v_misc_23, minmay_crypt_entry_simple_walls, v_rooms_5,
          nicolae_vaults_back_hallway, nicolae_vaults_disjoint_gnomons,
          v_misc_24, vaults_mumra_hexcomb, v_misc_2, v_alt_pattern_2, v_misc_8,
          nicolae_vaults_mini_display_case, serial_shops, shop
Vaults:4: v_misc_14, ontoclasm_vaults_ligature, hangedman_vaults_impose,
          v_misc_15, v_misc_13, dpeg_vaults_monster_box, v_misc_11,
          vaults_standard_mumra_enter_the_diamond, uniq_bai_suzhen,
          uniq_jorgrun, uniq_frederick
Depths:1: hangedman_cross_cluster, hell_entry, serial_sigils_hangedman_confine,
          kennysheep_decorative_pillar, nicolae_alphabet_shops,
          serial_bayou_pond_a, minmay_misc_feat_roman, guppyfry_shop_venom,
          uniq_sojobo
Depths:2: grunt_house_of_mirrors, serial_shops,
          nicolae_shop_competitors_out_of_business, nicolae_shop_waterfront,
          shop, grunt_pan_entry_zigzag, hell_entry, glass_columns_a,
          minmay_staircase_windowed_small
Bazaar:   bazaar_long_row
Bailey:   bailey_axe_3, bailey
IceCv:    ice_cave_caverns_02

Notes
Turn   | Place    | Note
-------+----------+-------------------------------------------
     0 | D:1      | vible the Centaur Hunter began the quest for the Orb.
     0 | D:1      | Reached XP level 1. HP: 17/17 MP: 1/1
   405 | D:1      | Reached XP level 2. HP: 24/24 MP: 2/2
   430 | D:1      | Reached skill level 6 in Bows
   834 | D:1      | Upgraded the game from 0.19-a0-1401-g902f63d to 0.19-a0-1457-g32fba05
   964 | D:2      | Reached XP level 3. HP: 15/29 MP: 3/3
  1337 | D:2      | Reached skill level 7 in Bows
  1417 | D:2      | Reached XP level 4. HP: 36/36 MP: 4/4
  1474 | D:2      | Found a shimmering altar of Xom.
  1682 | D:2      | Found a glowing golden altar of the Shining One.
  1854 | D:2      | Found a snail-covered altar of Cheibriados.
  2121 | D:3      | Gained mutation: You are dopey. (Int -2) [potion of mutation]
  2121 | D:3      | Gained mutation: You tend to lose your temper in combat. [potion of mutation]
  2121 | D:3      | Gained mutation: Your body sometimes deteriorates upon taking damage. [potion of mutation]
  2156 | D:3      | Reached skill level 8 in Bows
  2393 | D:3      | Noticed an ogre
  2423 | D:3      | Killed an ogre
  2423 | D:3      | Reached skill level 9 in Bows
  2423 | D:3      | Reached XP level 5. HP: 41/41 MP: 5/5
  3219 | D:3      | Noticed Ijyb
  3270 | D:3      | Killed Ijyb
  3414 | D:4      | Noticed an ogre
  3442 | D:4      | Killed an ogre
  3442 | D:4      | Reached skill level 10 in Bows
  3442 | D:4      | Reached XP level 6. HP: 48/48 MP: 6/6
  3514 | D:4      | Found a shadowy altar of Dithmenos.
  3655 | D:4      | Found a staircase to the Ecumenical Temple.
  3664 | Temple   | Entered the Ecumenical Temple
  3756 | Temple   | Became a worshipper of Warmaster Okawaru
  3870 | D:4      | Found a blossoming altar of Fedhas.
  4226 | D:5      | Entered Level 5 of the Dungeon
  4227 | D:5      | Noticed Duvessa
  4230 | D:5      | Noticed Dowan
  4234 | D:4      | Reached XP level 7. HP: 54/55 MP: 7/7
  4406 | D:5      | Noticed Edmund
  4451 | D:5      | Killed Edmund
  4451 | D:5      | Reached skill level 11 in Bows
  4529 | D:5      | Reached * piety under Okawaru
  4597 | D:5      | Killed Duvessa
  4597 | D:5      | Reached skill level 12 in Bows
  4640 | D:5      | Killed Dowan
  4753 | D:5      | Noticed Eustachio
  4789 | D:5      | Killed Eustachio
  4789 | D:5      | Reached skill level 13 in Bows
  4789 | D:5      | Reached XP level 8. HP: 42/61 MP: 8/8
  4855 | D:5      | Found a deep blue altar of Sif Muna.
  4948 | D:5      | Reached skill level 1 in Invocations
  5185 | D:6      | Reached ** piety under Okawaru
  5223 | D:6      | Noticed Sigmund
  5238 | D:6      | Reached skill level 3 in Fighting
  5238 | D:6      | Reached skill level 2 in Invocations
  5312 | D:6      | Killed Sigmund
  5657 | D:6      | Reached skill level 3 in Invocations
  5832 | D:6      | Found a stormy altar of Qazlal.
  5859 | D:6      | Reached skill level 14 in Bows
  6078 | D:6      | Reached *** piety under Okawaru
  6078 | D:6      | Reached skill level 4 in Fighting
  6078 | D:6      | Reached XP level 9. HP: 71/71 MP: 11/11
  6137 | D:7      | Received a gift from Okawaru
  6460 | D:7      | Found a sparkling altar of Nemelex Xobeh.
  7085 | D:8      | Noticed Joseph
  7190 | D:8      | Noticed Prince Ribbit
  8029 | D:8      | Reached skill level 5 in Fighting
  8029 | D:8      | Reached skill level 15 in Bows
  8846 | D:8      | Reached skill level 1 in Staves
  9437 | D:7      | Found a sparkling altar of Nemelex Xobeh.
 10338 | D:9      | Killed Joseph
 10338 | D:9      | Reached **** piety under Okawaru
 10338 | D:9      | Received a gift from Okawaru
 10338 | D:9      | Reached skill level 6 in Fighting
 10338 | D:9      | Reached skill level 2 in Staves
 10338 | D:9      | Reached skill level 16 in Bows
 10338 | D:9      | Reached XP level 10. HP: 61/83 MP: 10/12
 10531 | D:9      | Found Xerhin's Magic Scroll Boutique.
 10552 | D:9      | Received a gift from Okawaru
 10577 | D:9      | Reached skill level 3 in Staves
 10601 | D:9      | Bought a scroll of blinking for 112 gold pieces
 10601 | D:9      | Bought a scroll of magic mapping for 52 gold pieces
 10601 | D:9      | Bought 2 scrolls of fear for 105 gold pieces
 10601 | D:9      | Bought a scroll of identify for 30 gold pieces
 10601 | D:9      | Bought a scroll of identify for 30 gold pieces
 10980 | D:9      | Found a staircase to the Lair.
 11017 | D:9      | Reached skill level 7 in Fighting
 11194 | D:9      | Reached skill level 17 in Bows
 11416 | D:9      | Found a shattered altar of Ashenzari.
 11601 | D:10     | Entered Level 10 of the Dungeon
 11658 | D:10     | Reached ***** piety under Okawaru
 11658 | D:10     | Reached skill level 4 in Staves
 11665 | D:10     | Found a flagged portal.
 11689 | Bailey   | Entered a bailey
 11689 | Bailey   | Noticed Xiguana's ghost (journeyman FoFi)
 11705 | Bailey   | Killed Xiguana's ghost
 11705 | Bailey   | Received a gift from Okawaru
 11705 | Bailey   | Received a gift from Okawaru
 11959 | Bailey   | Found a bloodstained altar of Trog.
 11974 | Bailey   | Got a faintly glowing leather armour
 11985 | Bailey   | Identified the +2 leather armour "Fuenyus" {rF- Regen+ rCorr Dex+6} (You found it in a bailey)
 12174 | D:10     | Reached XP level 11. HP: 89/92 MP: 11/13
 12273 | D:10     | Noticed a hill giant
 12293 | D:10     | Killed a hill giant
 12516 | D:10     | Received a gift from Okawaru
 12618 | D:10     | Noticed a hill giant
 12694 | D:10     | Killed a hill giant
 12694 | D:10     | Received a gift from Okawaru
 12694 | D:10     | Reached skill level 8 in Fighting
 12694 | D:10     | Reached skill level 5 in Staves
 12770 | D:10     | Reached skill level 18 in Bows
 13360 | D:10     | Killed an unseen horror
 13360 | D:10     | Reached skill level 1 in Armour
 13479 | D:10     | Reached skill level 2 in Dodging
 13588 | D:10     | Found Kenge's Antique Armour Boutique.
 13830 | Lair:1   | Entered Level 1 of the Lair of Beasts
 13830 | Lair:1   | Noticed a six-headed hydra
 13930 | D:9      | Killed a six-headed hydra
 13930 | D:9      | Received a gift from Okawaru
 13930 | D:9      | Reached skill level 6 in Staves
 14147 | D:9      | Reached skill level 2 in Armour
 14320 | Lair:1   | Reached skill level 7 in Staves
 14653 | Lair:1   | Reached skill level 3 in Dodging
 14781 | Lair:1   | Reached XP level 12. HP: 103/103 MP: 12/14
 15149 | Lair:1   | Reached skill level 9 in Fighting
 15292 | Lair:1   | Received a gift from Okawaru
 15292 | Lair:1   | Reached skill level 3 in Armour
 15552 | Lair:2   | Noticed Gastronok
 15636 | Lair:2   | Noticed Fannar
 15659 | Lair:2   | Killed Fannar
 15673 | Lair:2   | Noticed Sonja
 15801 | Lair:2   | Reached skill level 8 in Staves
 15967 | Lair:2   | Killed Gastronok
 15967 | Lair:2   | Received a gift from Okawaru
 15967 | Lair:2   | Reached skill level 4 in Invocations
 16082 | Lair:2   | Found a staircase to the Shoals.
 16097 | Lair:2   | Noticed an eight-headed hydra
 16435 | Lair:2   | Killed Sonja
 16435 | Lair:2   | Received a gift from Okawaru
 16435 | Lair:2   | Reached skill level 4 in Dodging
 16473 | Lair:2   | Killed an eight-headed hydra
 16562 | Lair:2   | Received a gift from Okawaru
 16562 | Lair:2   | Reached skill level 4 in Armour
 16577 | Lair:2   | Reached skill level 9 in Staves
 16662 | Lair:2   | Received a gift from Okawaru
 16689 | Lair:2   | Reached skill level 5 in Invocations
 17324 | D:10     | Gained mutation: Your movements are slightly less encumbered by armour. (ER -2) [potion of mutation]
 17324 | D:10     | Gained mutation: You are robust. (+10% HP) [potion of mutation]
 17324 | D:10     | Gained mutation: You are partially covered in iridescent scales. (AC +2) [potion of mutation]
 18018 | Lair:3   | Reached XP level 13. HP: 122/122 MP: 17/17
 18733 | Lair:4   | Found a hazy altar of Hepliaklqana.
 19156 | Lair:4   | Gained mutation: Your muscles are strong. (Str +2) [potion of beneficial mutation]
 19258 | Lair:4   | Reached skill level 5 in Dodging
 19269 | Lair:4   | Reached skill level 6 in Invocations
 19307 | Lair:4   | Reached skill level 5 in Armour
 19373 | Lair:4   | Found a runed door.
 19413 | Lair:4   | Reached skill level 10 in Staves
 19481 | Lair:4   | Found a staircase to the Snake Pit.
 20142 | D:10     | Learned a level 4 spell: Animate Dead
 20426 | Lair:5   | Received a gift from Okawaru
 20426 | Lair:5   | Reached skill level 7 in Invocations
 20887 | Lair:5   | Found a staircase to the Slime Pits.
 20887 | Lair:5   | Found a viscous altar of Jiyva.
 21474 | Lair:5   | You fall through a shaft!
 21474 | Lair:6   | Entered Level 6 of the Lair of Beasts
 21499 | Lair:6   | Reached skill level 8 in Invocations
 21679 | Lair:6   | Reached skill level 10 in Fighting
 21682 | Lair:6   | Received a gift from Okawaru
 22063 | Lair:6   | Reached skill level 6 in Armour
 22667 | Lair:6   | Reached skill level 6 in Dodging
 22691 | Lair:6   | Reached XP level 14. HP: 132/133 MP: 14/20
 23411 | Lair:6   | Reached skill level 11 in Staves
 23758 | D:11     | Gained mutation: You are somewhat resistant to further mutation. [mutagenic meat]
 23761 | D:11     | Lost mutation: Your muscles are strong. (Str +2) [mutagenic meat]
 23991 | D:11     | Found a staircase to the Orcish Mines.
 24381 | Orc:1    | Entered Level 1 of the Orcish Mines
 24386 | Orc:1    | Noticed Maurice
 24471 | D:11     | Killed Maurice
 24895 | Orc:2    | Entered Level 2 of the Orcish Mines
 24999 | Orc:2    | Found a staircase to the Elven Halls.
 25029 | Orc:2    | Reached skill level 7 in Armour
 25167 | Orc:2    | Reached skill level 7 in Dodging
 25602 | Orc:2    | Received a gift from Okawaru
 25796 | Orc:2    | Reached skill level 12 in Staves
 25985 | Orc:2    | Found Ficullol's Gadget Shop.
 25985 | Orc:2    | Found Wawiesum's Assorted Antiques.
 25985 | Orc:2    | Found Odycw's Antique Weapon Shoppe.
 25985 | Orc:2    | Found Fyucecasch's Weapon Boutique.
 26077 | Orc:2    | Bought the +7 longbow "Xocvihed" {speed, +Inv rC++ MR+ Int-5} for 1126 gold pieces
 26079 | Orc:2    | Bought a tiny soapstone amulet for 135 gold pieces
 26079 | Orc:2    | Bought a scroll of teleportation for 81 gold pieces
 26079 | Orc:2    | Bought a lumpy green potion for 24 gold pieces
 26079 | Orc:2    | Bought a scroll of identify for 54 gold pieces
 26079 | Orc:2    | Bought a scroll of identify for 54 gold pieces
 26080 | Orc:2    | Bought a wand of disintegration (9/24) for 143 gold pieces
 26082 | Orc:2    | Lost mutation: Your body sometimes deteriorates upon taking damage. [potion of cure mutation]
 26082 | Orc:2    | Lost mutation: You are robust. (+10% HP) [potion of cure mutation]
 26082 | Orc:2    | Lost mutation: You tend to lose your temper in combat. [potion of cure mutation]
 26082 | Orc:2    | Lost mutation: You are dopey. (Int -2) [potion of cure mutation]
 26516 | D:12     | Noticed Iwannabefree's ghost (journeyman HECj)
 26529 | D:12     | Killed Iwannabefree's ghost
 26803 | D:12     | Received a gift from Okawaru
 26804 | D:12     | Got a crude centaur barding {god gift}
 26815 | D:12     | Identified the +0 centaur barding of Negation {rC+ Str+6 Dex+4} (Okawaru gifted it to you on level 12 of the Dungeon)
 27361 | D:13     | Reached XP level 15. HP: 121/126 MP: 21/21
 27765 | D:13     | Noticed Nessos
 27771 | D:13     | Killed Nessos
 27870 | D:13     | Found a gate to the Vaults.
 28310 | D:14     | Reached skill level 8 in Armour
 28886 | D:14     | Reached skill level 19 in Bows
 29071 | D:15     | Entered Level 15 of the Dungeon
 29076 | D:15     | Reached skill level 8 in Dodging
 29215 | D:15     | Noticed Josephine
 29225 | D:15     | Killed Josephine
 29303 | D:15     | Noticed Agnes
 29311 | D:15     | Killed Agnes
 29867 | D:15     | Got a pitted chain mail
 29878 | D:15     | Identified the +6 chain mail of the Spheres {rF+++ rN+++ Str-3} (You found it on level 15 of the Dungeon)
 30037 | D:15     | Received a gift from Okawaru
 30038 | D:15     | Got a fine quarterstaff {god gift}
 30158 | D:15     | Found a staircase to the Depths.
 30708 | Snake:1  | Entered Level 1 of the Snake Pit
 30743 | Snake:1  | Found a snail-covered altar of Cheibriados.
 30820 | Snake:1  | Reached skill level 20 in Bows
 31009 | Snake:1  | Found Jamnul's Assorted Antiques.
 31012 | Snake:1  | Bought a scroll of identify for 76 gold pieces
 31012 | Snake:1  | Bought a potion of agility for 152 gold pieces
 31263 | Snake:1  | Noticed Roxanne
 31280 | Snake:1  | Killed Roxanne
 31280 | Snake:1  | Received a gift from Okawaru
 31283 | Snake:1  | Identified Roxanne's Reference Book on Changing (You took it off Roxanne on level 1 of the Snake Pit)
 31510 | Snake:2  | Found a glowing golden altar of the Shining One.
 31918 | Snake:2  | Reached skill level 9 in Dodging
 31918 | Snake:2  | Reached XP level 16. HP: 134/134 MP: 22/22
 32053 | Snake:2  | Reached skill level 9 in Armour
 32472 | Snake:3  | Received a gift from Okawaru
 32495 | Snake:3  | Found a frozen archway.
 32503 | IceCv    | Entered an ice cave
 32891 | IceCv    | Reached skill level 21 in Bows
 33124 | Snake:3  | Got a crude centaur barding {god gift}
 33126 | Snake:3  | Identified the +0 centaur barding of Duck's Teeth {rC+ MP-9 Str+3} (Okawaru gifted it to you on level 3 of the Snake Pit)
 33790 | Snake:3  | Reached ****** piety under Okawaru
 34169 | Snake:4  | Entered Level 4 of the Snake Pit
 34209 | Snake:3  | HP: 7/134 [shock serpent/bolt of electricity (16)]
 34692 | Snake:4  | Received a gift from Okawaru
 35140 | Snake:4  | Received a gift from Okawaru
 35160 | Snake:4  | Reached skill level 1 in Evocations
 35219 | Snake:4  | Reached skill level 22 in Bows
 35811 | Snake:4  | Received a gift from Okawaru
 35811 | Snake:4  | Reached skill level 2 in Evocations
 35844 | Snake:4  | Reached skill level 10 in Armour
 35844 | Snake:4  | Reached XP level 17. HP: 134/140 MP: 23/23
 35866 | Snake:4  | Noticed Aizul
 36534 | Snake:4  | Reached skill level 10 in Dodging
 36827 | Snake:4  | Reached skill level 3 in Evocations
 36869 | Snake:4  | Killed Aizul
 36883 | Snake:4  | Received a gift from Okawaru
 36883 | Snake:4  | Reached skill level 11 in Fighting
 37485 | Snake:4  | Reached skill level 4 in Evocations
 38230 | Snake:4  | Got a pair of dazzling gloves {god gift}
 38234 | Snake:4  | Identified the +2 pair of gloves "Seddisuh" {*Contam rF+++ Regen+ Str-3} (Okawaru gifted it to you on level 4 of the Snake Pit)
 38289 | Snake:4  | Got a serpentine rune of Zot
 38644 | Shoals:1 | Entered Level 1 of the Shoals
 39135 | Shoals:1 | Found Lin Okuh's Weapon Shoppe.
 39193 | Shoals:1 | Found a gateway to a bazaar.
 39205 | Bazaar   | Entered a bazaar
 39219 | Bazaar   | Found Xomuirghe's Magic Scroll Emporium.
 39234 | Bazaar   | Found Agoviv's Antique Armour Shoppe.
 39262 | Bazaar   | Found Omiam's General Store.
 39351 | Bazaar   | Bought an embroidered cloak for 189 gold pieces
 39367 | Bazaar   | Bought a scroll of magic mapping for 45 gold pieces
 39367 | Bazaar   | Bought a scroll of identify for 26 gold pieces
 39367 | Bazaar   | Bought a scroll of recharging for 123 gold pieces
 39367 | Bazaar   | Bought a scroll of teleportation for 39 gold pieces
 39367 | Bazaar   | Bought a scroll of identify for 26 gold pieces
 39367 | Bazaar   | Bought a scroll of blinking for 97 gold pieces
 39367 | Bazaar   | Bought a scroll of fog for 26 gold pieces
 39367 | Bazaar   | Bought a scroll of teleportation for 39 gold pieces
 39485 | Shoals:1 | Reached skill level 12 in Fighting
 39536 | Shoals:1 | Reached skill level 5 in Evocations
 39692 | Shoals:1 | Found Usmell's General Store.
 39723 | Shoals:1 | Bought a scroll of teleportation for 39 gold pieces
 39723 | Shoals:1 | Bought a potion of heal wounds for 65 gold pieces
 40189 | Shoals:2 | Received a gift from Okawaru
 40454 | Shoals:2 | Reached XP level 18. HP: 78/155 MP: 15/24
 41141 | Shoals:2 | Gained mutation: You are resistant to hostile enchantments. (MR+) [potion of beneficial mutation]
 41456 | Shoals:3 | Noticed Mara
 41491 | Shoals:3 | Killed Mara
 41540 | Shoals:3 | Reached skill level 13 in Fighting
 41547 | Shoals:3 | Reached skill level 6 in Evocations
 41555 | Shoals:3 | Received a gift from Okawaru
 41778 | Shoals:4 | Entered Level 4 of the Shoals
 41819 | Shoals:4 | Noticed WereVolvo's ghost (adept GrEE)
 42087 | Shoals:4 | Noticed Ilsuiw
 42174 | Shoals:4 | Received a gift from Okawaru
 42404 | Shoals:4 | Noticed Polyphemus
 42417 | Shoals:4 | Killed Polyphemus
 42417 | Shoals:4 | Reached skill level 11 in Armour
 43164 | Shoals:4 | Got a smoking graven amulet
 43186 | Shoals:4 | Reached skill level 11 in Dodging
 43224 | Shoals:4 | Noticed Nikola
 43242 | Shoals:4 | Killed Nikola
 43315 | Shoals:4 | Identified the amulet "Bickuopt" {RegenMP rElec} (You took it off a merfolk on level 4 of the Shoals)
 43369 | Shoals:4 | Killed WereVolvo's ghost
 43399 | Shoals:4 | Learned a level 3 spell: Regeneration
 43504 | Shoals:4 | Received a gift from Okawaru
 43753 | Shoals:4 | Received a gift from Okawaru
 43913 | Shoals:4 | Reached skill level 7 in Evocations
 43957 | Shoals:4 | Received a gift from Okawaru
 43969 | Shoals:4 | Reached skill level 14 in Fighting
 44139 | Shoals:4 | Got a barnacled rune of Zot
 44214 | Shoals:4 | Killed Ilsuiw
 44381 | Shoals:4 | Identified Koggo's Papyrus of Excruciating Displacement
 44791 | D:13     | Learned a level 1 spell: Apportation
 44794 | D:13     | Learned a level 2 spell: Blink
 44797 | D:13     | Learned a level 2 spell: Repel Missiles
 44805 | Vaults:1 | Entered Level 1 of the Vaults
 45168 | Vaults:1 | Upgraded the game from 0.19-a0-1457-g32fba05 to 0.19-a0-1468-ge013c26
 45284 | Vaults:1 | Received a gift from Okawaru
 45418 | Vaults:1 | Noticed a Hell Sentinel
 45807 | Vaults:1 | Paralysed by a sphinx for 7 turns
 45928 | Vaults:1 | Reached XP level 19. HP: 146/168 MP: 23/25
 46046 | Vaults:1 | Received a gift from Okawaru
 46394 | Vaults:1 | Received a gift from Okawaru
 47308 | Vaults:1 | Found Nessaest's Food Emporium.
 47312 | Vaults:1 | Received a gift from Okawaru
 47366 | Vaults:1 | Reached skill level 15 in Fighting
 47655 | Vaults:1 | Reached skill level 8 in Evocations
 48053 | Vaults:2 | Received a gift from Okawaru
 48742 | Vaults:2 | Received a gift from Okawaru
 48789 | Vaults:2 | Found a portal to a secret trove of treasure.
 48909 | Vaults:2 | Learned a level 4 spell: Passage of Golubria
 49027 | Vaults:2 | Received a gift from Okawaru
 49249 | Vaults:2 | Received a gift from Okawaru
 49444 | Vaults:2 | Reached skill level 12 in Armour
 49579 | Vaults:2 | Identified the Incunabulum of the Shifting Frostbite
 49649 | Vaults:2 | Paralysed by a hornet for 1 turns
 49684 | Vaults:2 | Received a gift from Okawaru
 49685 | Vaults:2 | Got a translucent shortbow {god gift}
 49686 | Vaults:2 | Identified the +8 shortbow of Weanlaorgh {venom, rC+ Str+2} (Okawaru gifted it to you on level 2 of the Vaults)
 49789 | Vaults:2 | Reached skill level 12 in Dodging
 50145 | Vaults:3 | Reached skill level 16 in Fighting
 50270 | Vaults:3 | Reached skill level 9 in Evocations
 50402 | Vaults:3 | Reached skill level 1 in Translocations
 50407 | Vaults:3 | Reached XP level 20. HP: 139/180 MP: 26/26
 50598 | Vaults:3 | Found a staircase to the Crypt.
 51018 | Vaults:3 | Received a gift from Okawaru
 51019 | Vaults:3 | Got an ichor-stained centaur barding {god gift}
 51020 | Vaults:3 | Identified the +0 centaur barding of Rown {rC- Int+4} (Okawaru gifted it to you on level 3 of the Vaults)
 51076 | Vaults:3 | Reached skill level 2 in Translocations
 51219 | Vaults:3 | Learned a level 3 spell: Portal Projectile
 51725 | Vaults:3 | Found Vacesm's Book Boutique.
 52007 | Vaults:4 | Noticed Frederick
 52027 | Vaults:4 | Killed Frederick
 52295 | Vaults:4 | Noticed Bai Suzhen
 52341 | Vaults:4 | Killed Bai Suzhen
 53068 | Vaults:4 | Reached skill level 17 in Fighting
 53622 | Vaults:4 | Noticed Jorgrun
 53662 | Vaults:4 | Killed Jorgrun
 54016 | Vaults:4 | Received a gift from Okawaru
 54550 | Depths:1 | Entered Level 1 of the Depths
 55081 | Depths:1 | Noticed a titan
 55096 | Depths:1 | Killed a titan
 55169 | Depths:1 | Found a sacrificial altar of Ru.
 55177 | Depths:1 | Noticed a tengu reaver
 55184 | Depths:1 | Killed a tengu reaver
 55184 | Depths:1 | Reached XP level 21. HP: 192/192 MP: 27/27
 55319 | Depths:1 | Noticed Sojobo
 55329 | Depths:1 | Noticed a tengu reaver
 55333 | Depths:1 | Noticed a tengu reaver
 55355 | Depths:1 | Killed Sojobo
 55363 | Depths:1 | Killed a tengu reaver
 55363 | Depths:1 | Reached skill level 13 in Armour
 55366 | Depths:1 | Killed a tengu reaver
 55816 | Depths:1 | Found Bnuguldaceg's Bounteous Boutique.
 55904 | Depths:1 | Reached skill level 13 in Staves
 55921 | Depths:1 | Found a gateway to Hell.
 55975 | Depths:1 | Received a gift from Okawaru
 56001 | Depths:1 | Reached skill level 18 in Fighting
 56290 | Depths:1 | Found Basuc's Serpentskin Sales.
 56300 | Depths:1 | Reached skill level 13 in Dodging
 56941 | Depths:2 | Noticed a tengu reaver
 57437 | Depths:2 | Killed a tengu reaver
 58292 | Depths:2 | Found Byruge Noeh's Assorted Antiques.
 58338 | Depths:2 | Bought a glass ring for 120 gold pieces
 58639 | Depths:2 | Noticed a storm dragon
 58643 | Depths:2 | Received a gift from Okawaru
 58653 | Depths:2 | Killed a storm dragon
 58687 | Depths:2 | Reached skill level 10 in Evocations
 58693 | Depths:2 | Noticed a titan
 58707 | Depths:2 | HP: 17/196 [titan/bolt of lightning (41)]
 58707 | Depths:2 | Killed from afar by a titan

Vanquished Creatures
  Mara (Shoals:3)
  Sojobo (Depths:1)
  Frederick (Vaults:4)
  Bai Suzhen (Vaults:4)
  Nikola (Shoals:4)
  Jorgrun (Vaults:4)
  The ghost of WereVolvo the Metallomancer, an adept GrEE of Vehumet (Shoals:4)
  6 liches
  A titan (Depths:1)
  Gastronok (Lair:2)
  Agnes (D:15)
  2 sphinxes (Vaults:1)
  Polyphemus (Shoals:4)
  A storm dragon (Depths:2)
  4 tengu reavers
  Roxanne (Snake:1)
  11 fire giants
  Ilsuiw (Shoals:4)
  An azure jelly (Snake:3)
  8 greater nagas
  Aizul (Snake:4)
  6 vault wardens
  5 frost giants
  8 ironheart preservers
  9 stone giants
  10 very ugly things
  5 dire elephants (Lair:6)
  3 deep elf demonologists
  A deep elf death mage (Vaults:1)
  6 merfolk javelineers
  An eidolon (Vaults:3)
  2 blizzard demons (IceCv)
  5 merfolk impalers
  The ghost of Iwannabefree the Infuser, a journeyman HECj of Sif Muna (D:12)
  2 ettins (Depths:1)
  12 yaktaur captains
  A crystal guardian (Vaults:4)
  17 ogre magi
  Josephine (D:15)
  6 fire dragons
  4 hydras
  4 rakshasas
  9 ice dragons
  Fannar (Lair:2)
  9 vault guards
  The ghost of Xiguana the Fighter, a journeyman FoFi of Xom (Bailey)
  6 anacondas
  5 great orbs of eyes
  16 naga warriors
  2 merfolk aquamancers (Shoals:4)
  A catoblepas (Shoals:4)
  12 centaur warriors
  3 merfolk avatars
  A deep troll shaman (Vaults:3)
  5 tengu warriors
  2 satyrs
  A death knight (Vaults:2)
  2 vampire magi
  7 death yaks
  5 deep troll earth magi (Depths:1)
  Sonja (Lair:2)
  14 naga sharpshooters
  7 shock serpents
  3 deep elf knights
  2 spriggan berserkers (Depths:2)
  A sun demon (Depths:1)
  A fire crab (Lair:6)
  3 salamander mystics
  5 hell knights (Depths:2)
  An unseen horror (shapeshifter) (Vaults:4)
  11 sea snakes
  5 unseen horrors
  10 wizards
  4 deep trolls
  8 hill giants
  12 naga ritualists
  4 giant orange brains
  4 flayed ghosts
  A hill giant (shapeshifter) (D:15)
  3 necromancers (Depths:2)
  A phantasmal warrior (Vaults:3)
  12 ironbrand convokers
  26 harpies
  7 orc knights
  A mana viper (shapeshifter) (D:15)
  7 mana vipers
  15 griffons
  4 hornets
  4 orc sorcerers
  4 wolf spiders
  25 ugly things
  7 deep elf magi
  7 cyclopes
  A frost giant zombie (Depths:2)
  A salamander (shapeshifter) (Vaults:2)
  11 fauns
  A fire giant zombie (Depths:2)
  15 salamanders
  9 sirens
  An octopode (shapeshifter) (D:15)
  12 manticores
  Maurice (D:11)
  Joseph (D:9)
  8 elephants
  A black mamba (shapeshifter) (D:15)
  3 centaur zombies
  3 guardian serpents (shapeshifter)
  An ice statue (IceCv)
  4 water nymphs
  44 black mambas
  21 naga magi
  14 vault sentinels
  A torpor snail (Lair:4)
  2 gargoyles
  2 spiny frogs (shapeshifter)
  5 centaur skeletons
  12 spiny frogs
  7 komodo dragons
  48 yaktaurs
  A kobold demonologist (D:15)
  4 ice devils (IceCv)
  A rime drake (shapeshifter) (Vaults:2)
  3 rime drakes
  8 freezing wraiths
  28 merfolk
  4 anaconda simulacra (IceCv)
  7 tengu conjurers
  7 trolls
  A spriggan skeleton (Depths:2)
  2 golden dragon simulacra (IceCv)
  2 queen bees
  3 meliai (D:14)
  2 boulder beetles (Vaults:3)
  29 two-headed ogres
  A wolf spider simulacrum (IceCv)
  A polar bear (Lair:6)
  3 wind drakes
  19 blink frogs
  41 slime creatures
  6 snapping turtles
  A boulder beetle (shapeshifter) (Vaults:1)
  2 blink frogs (shapeshifter)
  21 dream sheep
  A human simulacrum (Vaults:2)
  4 centaur simulacra
  A spriggan (shapeshifter) (Vaults:2)
  A shadow (D:15)
  2 spriggans (Depths:2)
  Sigmund (D:6)
  Eustachio (D:5)
  3 vampires
  A dire elephant simulacrum (IceCv)
  8 wraiths
  13 water elementals
  6 hungry ghosts
  4 wyverns
  3 basilisks
  44 yaks
  2 basilisks (shapeshifter)
  2 fire elementals (Lair:6)
  10 hippogriffs
  32 nagas
  Edmund (D:5)
  An iron troll simulacrum (IceCv)
  A mottled dragon (shapeshifter) (Vaults:1)
  Duvessa (D:5)
  4 harpy simulacra (IceCv)
  2 hell hounds (D:9)
  14 porcupines
  3 hydra simulacra (IceCv)
  7 water moccasins
  23 orc warriors
  2 phantoms
  3 wasps
  2 black bears
  3 sky beasts
  2 eyes of draining (D:11)
  An alligator simulacrum (IceCv)
  11 wolves
  A necrophage (D:9)
  27 centaurs
  71 ogres
  4 ice beasts
  17 boggarts
  11 crocodiles
  20 giant frogs
  Dowan (D:5)
  5 scorpions
  An elephant simulacrum (IceCv)
  44 killer bees
  An electric eel (Lair:6)
  16 wights
  A howler monkey (D:6)
  9 crimson imps
  2 quasits
  A draconian simulacrum (IceCv)
  3 giant frog zombies
  21 orc priests
  5 hounds
  3 jellies
  12 orc wizards
  2 giant frog skeletons
  Ijyb (D:3)
  11 iguanas
  2 polar bear simulacra (IceCv)
  18 worker ants
  2 spriggan simulacra (IceCv)
  7 troll simulacra (IceCv)
  A howler monkey skeleton (D:8)
  19 adders
  4 naga simulacra (IceCv)
  An ogre simulacrum (IceCv)
  48 river rats
  2 shadow imps
  7 white imps
  6 ufetubi (IceCv)
  2 oozes
  An adder zombie (D:8)
  An adder skeleton (D:6)
  A worm (D:2)
  A dart slug (D:3)
  4 giant geckos
  114 orcs
  6 bats
  6 giant cockroaches
  9 goblins
  9 hobgoblins
  7 jackals
  23 kobolds
  3 quokkas
  4 ball pythons
  4 giant newts (D:2)
  5 rats
  A plant (Shoals:2)
1718 creatures vanquished.

Vanquished Creatures (others)
  Nessos (D:13)
  A merfolk javelineer (Shoals:4)
  An unseen horror (Vaults:1)
  An ugly thing (Vaults:1)
  A merfolk (Shoals:1)
  An orc warrior (D:12)
  An ogre (Depths:1)
  A boggart (Vaults:1)
  A giant frog (D:6)
  3 white imps (IceCv)
  7 fungi
  11 plants
30 creatures vanquished.

Grand Total: 1748 creatures vanquished
